[Event "10th Cherry Blossom Classic 2023"]
[Site "Dulles"]
[Date "2023.05.27"]
[Round "3.17"]
[White "Baim, Elvin"]
[Black "Brady, Tyson"]
[Result "0-1"]
[ECO "A88"]
[WhiteElo "1728"]
[BlackElo "2092"]
[Annotator "TA"]
[PlyCount "100"]
[EventDate "2023.05.24"]
[EventType "swiss"]
[EventCountry "USA"]
[SourceTitle "playchess.com"]
[Source "ChessBase"]
[SourceQuality "1"]
[TimeControl "5400+30"]

1. d4 f5 2. c4 Nf6 3. Nc3 g6 4. Nf3 Bg7 5. g3 O-O 6. Bg2 d6 7. O-O c6 8. Re1 Ne4 9. e3 {[%emt 0:18:55] A88: Dutch Defence: Leningrad System: 5 Nf3 0-0 6 0-0 d6 7 Nc3 c6.} Nxc3 10. bxc3 {[%emt 0:00:32] [#]} Nd7 $146 ({Predecessor:} 10... e5 11. a4 e4 12. Nd2 Nd7 13. Ba3 Nf6 14. Qb3 Re8 15. Reb1 Rb8 16. Rb2 h5 {½-½ Toth,J (2183)-Havasi,J (1673) HUN-chT2 Szechenyi 1718 2017 (9.6)}) 11. Qb3 {[%emt 0:02:51] White is slightly better.} h6 (11... e5 $11) 12. c5+ Kh7 (12... d5 $14) 13. cxd6 ({White should try} 13. e4 $1) 13... exd6 $16 14. e4 Nb6 15. Ba3 {[%emt 0:01:32] Hoping for e5.} (15. exf5 {seems wilder.} Bxf5 16. Nh4 Bd3 17. Re3) 15... fxe4 16. Rxe4 (16. Nd2 $5 ) 16... Bf5 17. Ree1 (17. Re3 $5 ) 17... Qf6 $1 18. Nh4 Bd3 19. f4 Rfe8 {[%emt 0:02:51] Repels Re6} (19... Rae8 {is more complex.} 20. Bf3 Bc4 21. Qc2 Bd5) 20. Nf3 (20. Bf3 {with more complications.} g5 21. Rxe8 Rxe8 22. Qd1) 20... Kh8 21. Rad1 (21. Nd2 {feels hotter.} g5 22. Be4 Bb5 23. fxg5 Qxg5 24. Qc2) 21... Be2 22. Rb1 {[%emt 0:01:24][%cal Of3e5] And now Ne5! would win.} Bxf3 23. Bxf3 d5 24. Bc5 Nc4 25. Rxe8+ (25. Qxb7 $11 Nd2 26. Kg2 (26. Rxe8+ Rxe8 27. Bg4 Nxb1 $17)) 25... Rxe8 $19 26. Rd1 {[%emt 0:00:42] Prevents Nd2} (26. Bxa7 $2 {loses.} Nd2 27. Qd1 Qf5 28. Qxd2 (28. Rxb7 $2 {perishes.} Re1+ {[%mdl 64] Decoy} 29. Qxe1 Nxf3+ 30. Kf2 Nxe1 $19) 28... Qxb1+ 29. Kg2 Ra8 $19) (26. Qxb7 $17 Qe6 27. Kg2 (27. Bxa7 $2 Nd2 $19)) 26... b6 $2 (26... Qe6 $19 {has better winning chances.} 27. Qxb7 Qe3+ 28. Kg2 Qxc3) 27. Ba3 $17 Qf5 (27... Re3 $1 $17 28. Bg2 Qe6) 28. Bc1 $1 $15 a5 29. g4 Qe6 {[%emt 0:00:58] Black is much more active.} 30. Kf2 (30. Rf1 $15) 30... Bf6 ({Better is} 30... Ne3 $17 31. Bxe3 Qxe3+ 32. Kg2 Qxf4) 31. Qc2 Bh4+ (31... Be7 {is interesting.} 32. Rf1 Ba3 33. f5 Qf6) 32. Kg2 Nd6 33. Rd2 Qf7 34. Re2 Kg7 35. Qd3 Nc4 36. Rxe8 (36. f5 {with more complications.} Re7 37. Bf4 gxf5 38. gxf5 Qf6 39. Rxe7+ Qxe7 40. Bh5) 36... Qxe8 37. Qe2 {[%emt 0:00:01] [#]} ({White should play} 37. Be2 $15) 37... Qxe2+ $1 $19 38. Bxe2 Be1 39. Bxc4 (39. Kf3 $142) 39... dxc4 {[%emt 0:00:03][%mdl 4096] Endgame KB-KB} 40. Bb2 b5 41. Kf3 {[%emt 0:00:02] [#]} Bd2 $1 42. a3 Kf6 {[%emt 0:00:18] Strongly threatening ...b4.} 43. h3 Ke6 44. h4 $2 (44. Ke4 {was forced.}) 44... Be1 45. Ke2 (45. h5 $142 gxh5 46. Ke2) 45... Bxh4 46. Bc1 (46. Kf3 $142 Kd5 47. Ba1) 46... h5 47. gxh5 gxh5 48. Bd2 Be7 49. Bc1 Kf5 50. Kf3 h4 {[%emt 0:03:53] Weighted Error Value: White=0.70/Black=0.19 (very precise)} 0-1

[Event "10th Cherry Blossom Classic 2023"]
[Site "Dulles"]
[Date "2023.05.27"]
[Round "3.18"]
[White "Slate, Kent"]
[Black "Aripov, Iskandar"]
[Result "1-0"]
[ECO "B27"]
[WhiteElo "1989"]
[BlackElo "2211"]
[Annotator "TA"]
[PlyCount "179"]
[EventDate "2023.05.24"]
[EventType "swiss"]
[EventCountry "USA"]
[SourceTitle "playchess.com"]
[Source "ChessBase"]
[SourceQuality "1"]
[TimeControl "5400+30"]

1. e4 c5 2. c3 g6 3. d4 cxd4 4. cxd4 d5 5. e5 Nc6 6. Bb5 Bg7 7. Nf3 Bg4 {[%emt 0:04:16] 7...Bg4 scores better than 7...Nh6.} 8. Bxc6+ bxc6 9. Nbd2 Nh6 {[%emt 0:01:45] is the legacy move (9...e6). B27: Sicilian: 2 Nf3, unusual Black 2nd moves.} 10. O-O O-O 11. h3 Bxf3 {[%emt 0:00:33] White is better.} 12. Nxf3 Nf5 13. Re1 {[%emt 0:06:09] [#]} Rc8 $146 ({Predecessor:} 13... Qb6 14. g4 Nh6 15. b3 f5 16. g5 Nf7 17. Ba3 Rae8 18. Qd2 f4 19. Kh2 Nd8 {1-0 Cuenca Jimenez,J (2555)-Domingo Nunez,R (2355) ESP-ch 87th Linares 2022 (7)}) 14. g4 Nh6 15. Bf4 {[%emt 0:00:37] [#] Qd2 would be deadly. Black is weak on the dark squares} Kh8 (15... f5 $1 $14) 16. Qd2 $36 {[%emt 0:01:21][%mdl 2048] White has strong initiative.} Ng8 17. e6 {[%emt 0:08:28] White is more active.} (17. Rac1 $142) 17... fxe6 {[%emt 0:14:22] [#]} (17... Nf6 $16) 18. Ng5 $1 $18 (18. Rxe6 Nf6 $11) 18... Qd7 (18... Bh6 $142 19. Nxe6 {[%mdl 64] Discovered Attack} (19. Rxe6 Nf6 $16) 19... Bxf4 20. Nxf4 Qd6) 19. Nxe6 Rf7 20. Nc5 Qd8 21. Re6 (21. Be5 $18) 21... Qf8 (21... Nf6 $16) 22. Bg3 Qd8 (22... Nf6 $142 23. Qb4 Ng8) 23. Rae1 Qb6 $2 (23... Nf6 {was necessary.} 24. Qb4 Qb6) 24. R1e3 Bh6 25. Be5+ Bg7 26. Rb3 Qd8 27. Rb7 Bxe5 28. Rxe5 Rb8 29. Ne6 ({Weaker is} 29. Rxa7 Qb6 30. Ra6 Qxb2 $16) 29... Qd6 30. Rxa7 Qb4 (30... h6 $142 31. g5 c5 32. gxh6 (32. Nxc5 Qb6 $16) 32... Rf6) 31. Qxb4 Rxb4 32. b3 Rf3 (32... Rb8 $142 33. Re3 Nf6) 33. Kg2 Rc3 34. g5 Rb8 35. Re3 Rc2 36. Rf3 Re2 37. Nc5 Kg7 38. Kf1 Rd2 39. Ne6+ Kh8 40. Rf7 Rd1+ 41. Kg2 c5 42. Nf8 Rxf8 43. Rxf8 {[%emt 0:00:04][%mdl 4096] Endgame KRR-KRN} Kg7 44. Raa8 cxd4 45. Rxg8+ Kf7 46. Rgf8+ Ke6 47. Ra6+ Ke5 48. Rf3 d3 49. Ra4 d4 50. Rf7 d2 51. Rxe7+ Kd6 {[%emt 0:00:17] aiming for ...Rg1+.} 52. Rxd4+ Kxe7 {[%emt 0:00:04] KR-KR} 53. Kf3 Ke6 $2 (53... Rg1 54. Rxd2 Rxg5) 54. Ke3 Rh1 55. Rxd2 Rxh3+ 56. Ke4 Rh4+ 57. f4 Rh1 (57... h6 $142 58. gxh6 g5) 58. Re2 Rb1 59. Re3 Kd6 60. Rh3 Re1+ 61. Kd4 Rf1 62. Ke4 ({Less strong is} 62. Rxh7 Rxf4+ 63. Kc3 Rf5 $18) 62... Re1+ $1 63. Re3 $2 (63. Kd3 $18) 63... Rf1 $2 (63... Rb1 $11 64. Rd3+ Kc5) 64. a4 Kc5 65. Ke5 Rh1 66. Re4 {[%emt 0:00:00] b4+ is the strong threat.} Rf1 67. b4+ Kc6 68. Rc4+ Kb6 69. Kf6 {[%emt 0:00:14] Black must now prevent Kg7.} Rd1 70. Re4 Kc6 71. b5+ Kc5 72. Re5+ Kd6 73. Re8 {[%emt 0:01:29] White threatens Rd8+ and mate.} Rf1 74. Kg7 Rxf4 75. Kxh7 {[%emt 0:00:12] White mates.} Rxa4 76. Kxg6 Rb4 77. Kg7 Rxb5 78. g6 Kd7 79. Re1 Rb2 80. Kg8 Ra2 81. g7 Rh2 82. Re3 Rh1 83. Re4 Kd6 84. Kf7 Rf1+ 85. Kg6 Rg1+ 86. Kf6 Kd7 87. Rh4 Rg2 88. Rh8 Rf2+ 89. Ke5 Re2+ 90. Kd4 {[%emt 0:00:05] Weighted Error Value: White=0.23 (precise) /Black=0.41} 1-0

[Event "10th Cherry Blossom Classic 2023"]
[Site "Dulles"]
[Date "2023.05.27"]
[Round "3.19"]
[White "Sriniaiyer, Sudarshan"]
[Black "Samuelson, Andrew"]
[Result "1-0"]
[ECO "A70"]
[WhiteElo "2211"]
[BlackElo "2019"]
[Annotator "TA"]
[PlyCount "101"]
[EventDate "2023.05.24"]
[EventType "swiss"]
[EventCountry "USA"]
[SourceTitle "playchess.com"]
[Source "ChessBase"]
[SourceQuality "1"]
[TimeControl "5400+30"]

1. d4 Nf6 2. c4 c5 3. d5 e6 4. Nc3 exd5 5. cxd5 d6 6. e4 g6 7. h3 Bg7 8. Nf3 O-O 9. Be3 Re8 {[%emt 0:00:30] A70: Modern Benoni: 6 e4 g6 7 Nf3.} 10. Bd3 Nxe4 11. Nxe4 {[%emt 0:02:21] [#]} c4 $146 {[%emt 0:00:17] The position is equal.} ({Predecessor:} 11... f5 12. Neg5 f4 13. O-O fxe3 14. Ne6 Bxe6 15. dxe6 d5 16. fxe3 Rxe6 17. e4 c4 18. exd5 {½-½ Melikhov,E (2269)-Ehlvest,J (2530) Titled Tuesday intern op 31st Jan Late blitz 2023 (8)}) 12. Bc2 {[%emt 0:02:09] Hoping for 0-0.} f5 $1 13. Ned2 {[%emt 0:01:51][%cal Oe1g1] Strongly threatening 0-0!} f4 {[%emt 0:00:29][%mdl 64] Pin} 14. Nxc4 fxe3 15. Nxe3 (15. fxe3 $2 b5 16. Ncd2 Rxe3+ 17. Kf2 Qb6 $17) 15... Bxb2 16. Rb1 $36 {[%emt 0:00:39][%mdl 2048] White fights for an advantage.} Bc3+ 17. Kf1 {[%emt 0:00:28] Black must now prevent h4.} Qf6 (17... Na6 $11) 18. h4 $1 $14 Nd7 19. h5 {[%emt 0:08:45] aiming for hxg6.} Nf8 20. Qd3 b5 21. Qxb5 (21. Rxb5 Ba6 $15) 21... Bd7 22. Qd3 Rab8 23. Rh4 Rxb1+ 24. Bxb1 Rb8 25. Kg1 Bb4 26. Bc2 Bc5 27. Bb3 gxh5 28. Rxh5 Be8 29. Rg5+ Bg6 {[%emt 0:00:09][%cal Of6g5] And now ...Qxg5! would win.} 30. Qd2 Rb4 {[%emt 0:11:04] [#]} 31. Rg4 (31. Ng4 $1 $16 Qa1+ 32. Kh2) 31... a5 (31... Rf4 $14) 32. Rxb4 {[%emt 0:01:06] Black is now going downhill.} (32. Nc4 {with more complications.} Nd7 33. Rf4 Qa1+ 34. Kh2) 32... axb4 33. Ng4 Qa1+ 34. Kh2 h5 {[%emt 0:01:32] [#]} 35. Nge5 {[%emt 0:02:51][%cal Od2g5] Qg5! is the strong threat.} dxe5 $4 (35... Kg7 $16) 36. d6+ $18 Kg7 37. d7 Nxd7 38. Qxd7+ Kh6 39. Qd2+ Kg7 40. Qd7+ (40. Qd5 $142 Qb1 41. Qxe5+ Kh6 42. Qxc5) 40... Kh6 41. Qd2+ (41. Qd8 $142 Qb1 42. Qg5+ Kg7 43. Qxe5+ Kh6 44. Qf4+ Kg7 45. Qc7+ Kh6 46. Qxc5) 41... Kg7 42. Qd5 Qc3 43. Nxe5 (43. Qg8+ $142 Kf6 44. Qe6+ {[%mdl 64] Deflection} Kg7 45. Nxe5 (45. Qxe5+ Qxe5+ 46. Nxe5 Bxf2 $11) 45... Bb1 46. f4 Qxb3 47. Qxb3 Bd4 48. Qxb1) 43... Bxf2 {[%emt 0:02:02] White is clearly winning.} 44. Qg8+ Kf6 45. Qe6+ Kg5 46. Qxg6+ (46. Nxg6 {leads to mate.} Bg3+ 47. Kh1 Qc1+) 46... Kf4 47. Nd3+ Ke3 48. Nxf2 {[%emt 0:00:09] White threatens Nd1+ and mate.} Kxf2 49. Qc2+ (49. Qxh5 $2 {gets mated.} Qg3+ 50. Kh1 Qxg2#) 49... Ke3 50. Qxc3+ bxc3 51. Kg3 {[%emt 0:00:24] A cool game by Sriniaiyer.   Weighted Error Value: White=0.44/Black=0.36} 1-0

[Event "10th Cherry Blossom Classic 2023"]
[Site "Dulles"]
[Date "2023.05.27"]
[Round "3.20"]
[White "Laddha, Yash Jayesh"]
[Black "Ling, Evan"]
[Result "0-1"]
[ECO "B33"]
[WhiteElo "2195"]
[BlackElo "1952"]
[Annotator "TA"]
[PlyCount "86"]
[EventDate "2023.05.24"]
[EventType "swiss"]
[EventCountry "USA"]
[SourceTitle "playchess.com"]
[Source "ChessBase"]
[SourceQuality "1"]
[TimeControl "5400+30"]

1. e4 c5 2. Nf3 Nc6 3. d4 cxd4 4. Nxd4 Nf6 5. Nc3 e5 6. Ndb5 d6 7. Bg5 a6 8. Na3 b5 9. Nd5 Be7 10. Bxf6 Bxf6 11. c3 Rb8 12. Nc2 Bg5 13. a4 bxa4 {[%emt 0:00:17] B33: Sicilian: Pelikan and Sveshnikov Variations.} 14. Ncb4 Nxb4 15. cxb4 Bd7 {[%emt 0:00:26] The position is equal.} 16. Bxa6 O-O 17. Rxa4 Bxa4 18. Qxa4 {[%emt 0:00:05] [#]} Qe8 $146 ({Predecessor:} 18... f5 19. exf5 e4 20. Qb3 Kh8 21. g4 e3 22. f4 Bxf4 23. Nxf4 Qh4+ 24. Kd1 Qxg4+ {0-1 Flores Quillas,D (2350)-Larrea,M (2291) Montevideo Duchamp Cup 6th 2023 (6)}) 19. b5 f5 20. O-O Kh8 21. exf5 e4 22. f6 Bxf6 $17 ({Don't play} 22... gxf6 $6 23. Qb3 $11) 23. Qc4 Bxb2 24. b6 Qe5 25. b7 Bd4 {[%emt 0:04:34][%cal Of8f2] Against Nb6} 26. Nb4 {[%emt 0:07:24] [#] aiming for Nc6.} d5 $1 27. Nxd5 {[%emt 0:11:35] [#]} Rxf2 {[%emt 0:15:02] Black is more active.} 28. Rxf2 $11 Rf8 $40 {[%emt 0:00:09][%mdl 192] Wards off Qc8. Pin. White needs to defend precisely. Chess con chili.} 29. Nc3 $2 {[%emt 0:01:34][%mdl 8192] Now White is beyond hope.} Bxf2+ $19 30. Kh1 Bc5 31. g3 e3 {[%emt 0:02:16][%cal Oe3e2] Threatens to win with ...e2!} 32. Qb3 $2 {[%emt 0:00:48] [#]} (32. Ne4 Ba7 33. Kg2) 32... e2 $1 33. Bxe2 Bd4 34. Qb4 Re8 {[%emt 0:01:40] And now ...Qe3 would win.} (34... Bxc3 $2 35. Qxf8#) 35. Bf3 (35. Qb5 $19 Bxc3 36. Bd3) 35... Bxc3 (35... Qe1+ $142 36. Kg2 Qg1+ 37. Kh3 Qf1+ 38. Kg4 h5+ 39. Kh4 Bf6+ 40. Kxh5 Qh3+ 41. Kg6 Qh7+ 42. Kf7 Qg8+ 43. Kg6 Re5 44. Qb5 Qh7+ 45. Kf7 g6+ 46. Kxf6 Qg7#) 36. Qc4 Qf6 37. Kg2 (37. Qc6 $142 Qxc6 38. Bxc6) 37... Rf8 38. Qd5 (38. Qc6 $142) 38... Be5 39. Qe4 Bb8 {[%emt 0:00:31] White must now prevent ...g6.} 40. Qd5 g6 41. Qe4 Kg7 {[%emt 0:00:46] ...h5 would be deadly.} 42. Qd5 Rd8 43. Qb3 {[%emt 0:00:30] Prevents Qb2+} Rd2+ {[%emt 0:01:06] Artfully played by Ling.   Weighted Error Value: White=1.20/Black=0.51} 0-1

[Event "10th Cherry Blossom Classic 2023"]
[Site "Dulles"]
[Date "2023.05.27"]
[Round "3.21"]
[White "Slade, Theodore"]
[Black "Shoykhet, Benjamin"]
[Result "1-0"]
[ECO "E05"]
[WhiteElo "2021"]
[BlackElo "1919"]
[Annotator "TA"]
[PlyCount "71"]
[EventDate "2023.05.24"]
[EventType "swiss"]
[EventCountry "USA"]
[SourceTitle "playchess.com"]
[Source "ChessBase"]
[SourceQuality "1"]
[TimeControl "5400+30"]

1. d4 Nf6 2. c4 e6 3. g3 d5 4. Bg2 Be7 5. Nf3 O-O 6. O-O dxc4 7. Qc2 a6 8. a4 Bd7 9. Qxc4 Bc6 10. Bf4 Bd6 {[%emt 0:04:12] E05: Open Catalan: 5 Nf3 Be7.} 11. Nc3 Bxf4 12. gxf4 Qd6 {[%emt 0:00:18] The position is equal.} 13. Ne5 Bxg2 14. Kxg2 {[%emt 0:00:21] [#]} Nd5 $146 ({Predecessor:} 14... Nbd7 15. Rac1 Rac8 16. b4 Nb6 17. Qc5 Nbd5 18. Nxd5 Nxd5 19. Qxd6 cxd6 20. Nd3 Nc3 {0-1 Agarkoff,N-Belluire,P FRA-ch45 corr 1980}) 15. e3 a5 16. Ne4 Qe7 17. Nc5 Na6 (17... b6 $11 18. Ncd3 f6) 18. Nxb7 $16 {[%emt 0:07:41] White has more active pieces. The black rooks are badly placed.} Rfb8 19. Nxa5 (19. Nc6 $6 Qh4 20. Nxb8 Qg4+ 21. Kh1 Qf3+ 22. Kg1 Qg4+ 23. Kh1 Qf3+ 24. Kg1 Qg4+ 25. Kh1 $11) 19... Rxb2 20. Qc1 Qb4 {[%emt 0:07:31] Loses the game.} (20... Rb6 $16) 21. Nd3 (21. Nec4 $142 Rb3 22. Nxb3 Qxb3 23. a5) 21... Qd2 $18 22. Qxb2 (22. Nc4 $6 Qxd3 23. Nxb2 Qe4+ 24. Kg1 Qf3 $14) 22... Nxe3+ $2 (22... Qxd3 23. Nc6 Qe4+ 24. Kg1 Nxf4 25. Ne7+ Kf8 26. exf4 Kxe7 27. Qa3+ Kd7) 23. Kg1 Nxf1 (23... Qxb2 $142 24. Nxb2 Nxf1 25. Kxf1 c5) 24. Qb7 {[%emt 0:00:19][%mdl 64] [#] Deflection} Rd8 25. Qxa6 Qe2 26. Re1 ({Worse is} 26. Rxf1 Qg4+ 27. Kh1 Qf3+ 28. Kg1 Qg4+ 29. Kh1 Qf3+ 30. Kg1 Qg4+ $11) 26... Qf3 27. Ne5 ({Weaker is} 27. Rxf1 Qg4+ 28. Kh1 Qf3+ 29. Kg1 Qg4+ 30. Kh1 Qf3+ 31. Kg1 $11) 27... Qxf4 28. Rxf1 h5 29. Nac6 Rxd4 30. Nxd4 {[%emt 0:01:32][%cal Of1e1] [#] aiming for Re1!} Qxd4 31. Qa8+ Kh7 32. Nxf7 Kg6 33. Nd8 {[%emt 0:01:07] White wants to mate with Qg2+.} c6 34. Qxc6 {[%emt 0:00:20] White mates.} ({Stronger than} 34. Nxc6 Qg4+ 35. Kh1 Qf3+ 36. Kg1 Qg4+ 37. Kh1 Qf3+ 38. Kg1 Qg4+ $11) 34... Qxd8 35. Qxe6+ Kh7 36. Qf5+ {[%emt 0:01:00] Weighted Error Value: White=0.13 (very precise) /Black=1.15} 1-0

[Event "10th Cherry Blossom Classic 2023"]
[Site "Dulles"]
[Date "2023.05.27"]
[Round "3.22"]
[White "Vinod, Aarush"]
[Black "Tahmassebi, Bijan"]
[Result "1/2-1/2"]
[ECO "C28"]
[WhiteElo "1914"]
[BlackElo "2201"]
[Annotator "TA"]
[PlyCount "103"]
[EventDate "2023.05.24"]
[EventType "swiss"]
[EventCountry "USA"]
[SourceTitle "playchess.com"]
[Source "ChessBase"]
[SourceQuality "1"]
[TimeControl "5400+30"]

1. e4 e5 2. Bc4 Nf6 3. d3 Nc6 4. Nc3 Na5 5. Bb3 Nxb3 6. axb3 Bb4 7. Nf3 {[%emt 0:00:42] C28: Vienna Game: 2...Nf6 3 Bc4 Nc6.} d6 8. h3 c6 9. O-O {[%emt 0:01:30] The position is equal.} O-O 10. Ne2 {[%emt 0:12:07] [#]} Re8 $146 ({Predecessor:} 10... Ba5 11. Ng3 h6 12. Nh4 Bc7 13. Nhf5 d5 14. Qf3 Kh7 15. Nh5 g6 16. Nxf6+ Qxf6 {½-½ Nakamura,H (2736)-So,W (2770) Skilling op KO rapid 2020 (2.11)}) 11. Ng3 d5 12. Qe2 Qc7 13. Bd2 Bxd2 14. Qxd2 Nd7 15. Rfe1 d4 16. c3 c5 17. Rec1 Qb6 18. b4 f6 (18... cxb4 {looks sharper.} 19. cxd4 exd4 20. Nf5 f6) 19. Qc2 dxc3 20. bxc3 cxb4 21. Qb3+ Kf8 (21... Kh8 $11 {remains equal.}) 22. cxb4 $16 Nb8 23. b5 {[%emt 0:07:57] Prevents Nc6.} Be6 24. Qb4+ Kg8 25. Qc5 (25. Qc3 $5 ) 25... Qxc5 26. Rxc5 Rc8 {[%emt 0:02:05] Prevents Rc7} 27. Rxc8+ Bxc8 28. d4 $36 {[%emt 0:00:00][%mdl 2048] Black is under pressure.} Nd7 29. Nf5 exd4 30. N3xd4 Nb6 ({Better is} 30... Nc5 $14) 31. Ne7+ {[%emt 0:00:00] A dynamic duo of knights.} (31. Nd6 $16) 31... Kf7 32. Nxc8 Nxc8 $14 {[%emt 0:00:12][%mdl 4096] Endgame KRN-KRN} 33. Rc1 $1 {[%emt 0:00:00] Hoping for Rc7+.} a5 34. bxa6 $1 bxa6 35. Rc7+ Kg8 $1 36. Nf5 {[%emt 0:00:57][%cal Oc7c8] [#] Wards off Nd6. Rxc8+! would be deadly. White is much more active. The black rooks are badly placed.} a5 37. Rxg7+ Kf8 38. Rxh7 {[%emt 0:01:19] Strongly threatening Rh8+.} a4 39. Rh8+ Kf7 {[%emt 0:00:08] ...a3 is the strong threat.} 40. Rh7+ ({White should play} 40. Nd6+ $14 Kg7 41. Rd8 (41. Rxc8 $2 Rxc8 42. Nxc8 a3 $19)) 40... Kg8 (40... Kf8 $11) 41. Rb7 a3 {[%emt 0:00:11] Prevents Rb2. Threatens to win with ...a2.} 42. Rb1 $1 Nb6 {[%emt 0:00:43][%mdl 64] Promotion} 43. Ne3 {[%emt 0:01:02] Against Nc4} (43. Rxb6 $2 a2 44. Nh6+ (44. Rxf6 a1=Q+ 45. Kh2 Qxf6 $19) 44... Kg7 $19) 43... Na4 44. Nd5 Nc5 {[%emt 0:00:41] [#] aiming for ...a2.} 45. Ra1 (45. Nxf6+ $2 Kf7 46. Nd5 a2 $19) (45. Nc3 $1 $16) 45... Nb3 $11 46. Ra2 (46. Nxf6+ $2 Kf7 $19) 46... Nc1 $1 47. Ra1 (47. Nxf6+ $2 Kf7 48. Ra1 Nb3 $19) 47... Nb3 48. Ra2 (48. Nxf6+ $2 {too greedy.} Kf7 $19) 48... Nc1 $1 49. Ra1 (49. Nxf6+ $2 Kf7 $19) 49... Nb3 50. Ra2 (50. Nxf6+ $2 Kf7 $19) 50... Nc1 $1 51. Rc2 (51. Nxf6+ $2 Kf7 52. Rc2 (52. Ra1 $2 Nb3 $19) 52... a2 $19) 51... a2 $2 (51... Nd3 $11 {and Black has nothing to worry.} 52. Ra2 (52. Nxf6+ $2 {perishes.} Kg7 $19) 52... Nc1) 52. Rxc1 {[%emt 0:00:56] Weighted Error Value: White=0.10 (very precise) /Black=0.18 (very precise)} 1/2-1/2

[Event "10th Cherry Blossom Classic 2023"]
[Site "Dulles"]
[Date "2023.05.27"]
[Round "3.23"]
[White "Hu, Merric"]
[Black "Michelle Catherina, P."]
[Result "0-1"]
[ECO "B31"]
[WhiteElo "2022"]
[BlackElo "2193"]
[Annotator "TA"]
[PlyCount "66"]
[EventDate "2023.05.24"]
[EventType "swiss"]
[EventCountry "USA"]
[SourceTitle "playchess.com"]
[Source "ChessBase"]
[SourceQuality "1"]
[TimeControl "5400+30"]

1. e4 c5 2. Nf3 Nc6 3. Bb5 g6 4. Bxc6 dxc6 5. O-O Bg7 6. c3 {[%emt 0:04:34] B31: Sicilian: 2...Nc6 3 Bb5 g6.} (6. a4 $14) 6... Qd3 $11 7. Re1 e5 {[%emt 0:02:50] [#]} 8. h3 $146 {[%emt 0:01:10] The position is equal.} ({Predecessor:} 8. Na3 Ne7 9. b4 cxb4 10. cxb4 Bg4 11. Re3 Qd4 12. Rb1 b5 13. h3 Bxf3 14. Qxf3 f5 {½-½ Henderson,S (1895)-Wosch,A (2311) Champion's League 12/C5 email 2012 [3]}) 8... Ne7 9. a4 h6 10. Na3 Be6 11. Re3 Qd7 12. b4 cxb4 13. cxb4 g5 14. Bb2 Ng6 15. Qc2 g4 (15... O-O $11) 16. hxg4 $14 Bxg4 17. Nc4 Qc7 18. Rc1 (18. d4 $5) 18... O-O 19. Qb1 Rfe8 20. Qa1 Qe7 21. b5 cxb5 22. axb5 Qe6 (22... Rac8 $11 {keeps the balance.}) 23. Nh2 (23. d4 $16) 23... a6 $15 24. b6 Rac8 25. Qa2 $2 {[%emt 0:20:00] Now White is beyond hope.} (25. d3 $15) 25... Nf4 $19 26. f3 $2 {[%emt 0:00:00] [#]} (26. Qb1) 26... Bh3 $1 27. g3 Qg6 28. Kf2 {[%emt 0:00:00] [#]} Red8 $1 {[%emt 0:01:27][%cal Oc8c4] White must now prevent ...Rxc4!} 29. Bxe5 (29. Ba1 Qh5) 29... Nd3+ (29... Rxc4 $142 30. Qxc4 Bxe5) 30. Rxd3 Rxd3 31. Bc7 (31. g4 $142) 31... Be6 {[%emt 0:01:21] aiming for ...Qh5. This pair of bishops is nice.} 32. Nf1 $2 (32. Qa5) 32... Qh5 33. g4 Qh1 {[%emt 0:01:10] Weighted Error Value: White=0.53/Black=0.22 (precise)} 0-1

[Event "10th Cherry Blossom Classic 2023"]
[Site "Dulles"]
[Date "2023.05.27"]
[Round "3.24"]
[White "Altman, Joshua"]
[Black "Martin, Sam B"]
[Result "1-0"]
[ECO "D31"]
[WhiteElo "2120"]
[BlackElo "2067"]
[Annotator "TA"]
[PlyCount "81"]
[EventDate "2023.05.24"]
[EventType "swiss"]
[EventCountry "USA"]
[SourceTitle "playchess.com"]
[Source "ChessBase"]
[SourceQuality "1"]
[TimeControl "5400+30"]

1. d4 d5 2. c4 e6 3. Nc3 c6 4. cxd5 exd5 5. Nf3 Bd6 6. Bg5 Qb6 {[%emt 0:00:54] D31: Queen's Gambit Declined: Semi-Slav without ...Nf6 (+ Marshall Gambit and Noteboom) and Exchange Variation lines without ...Nf6.} 7. Qd2 f6 8. Bh4 Ne7 {[%emt 0:00:02] White has an edge.} 9. e3 Bf5 10. Be2 Nd7 {[%emt 0:00:52] [#]} 11. Rc1 $146 ({Predecessor:} 11. O-O Kf7 12. Ne1 Rae8 13. Nd3 Nc8 14. g4 Bg6 15. f4 Bxd3 16. Bxd3 {0-1 Scantland,P (1711)-Szalay,K (2098) Quebec-ch qual 2008 (2)}) 11... Rd8 12. Bg3 Bxg3 13. hxg3 O-O 14. O-O h6 15. Na4 Qc7 16. b4 a6 17. Nc5 Nxc5 18. bxc5 Rfe8 19. Bd3 Bc8 20. Rb1 {[%emt 0:05:45] Black is weak on the dark squares} g5 21. e4 dxe4 22. Bxe4 Kg7 23. Rfe1 Qd7 24. Rbd1 {[%emt 0:06:00] White is much more active.} (24. Bc2 {feels hotter.} Nf5 25. Rxe8 Rxe8 26. g4) 24... Ng6 25. Qc3 (25. Bxg6 Kxg6 26. Qb4 (26. Rxe8 Rxe8 27. Qc3 Qd5 $11) 26... h5 $11) 25... Qf7 {[%emt 0:01:12] [#]} 26. Bc2 (26. Nd2 $1 $16) 26... Be6 27. a3 Re7 28. Qd3 ({Better is} 28. Nd2 $16) 28... Nf8 (28... Rde8 $11) 29. Nd2 $16 Bd5 30. Rxe7 Qxe7 31. Nf1 Qd7 {[%emt 0:01:44] Repels g4} (31... Qf7 $142) 32. Ne3 Be6 33. Bb3 Qc7 $2 {[%emt 0:02:41] Black cannot hold the game after this.} (33... Kh8 $16 34. Qc3 Bxb3 35. Qxb3 Ne6) 34. Bxe6 $18 Nxe6 35. Nf5+ Kf8 36. Re1 (36. Nxh6 Rxd4 37. Qf3 Rxd1+ 38. Qxd1 Qe7 $11) 36... Qd7 (36... Ng7 37. Nxh6 Re8) 37. Nd6 {[%emt 0:00:35] Qf5 would be deadly.} (37. Nxh6 Nxd4 38. Qg6 Qg7 $16) 37... Kg7 38. Qc4 Nf8 {[%emt 0:00:23] [#]} (38... Nc7 39. Re7+ {[%mdl 64] Decoy} (39. Nxb7 Re8 $18) 39... Qxe7 40. Nf5+ (40. Nxb7 $2 {too greedy.} Qe1+ 41. Qf1 Qxf1+ 42. Kxf1 Rxd4 $19) 40... Kf8 41. Nxe7 Kxe7) 39. g4 $1 Ng6 40. Nf5+ Kh7 $2 {[%emt 0:00:21] [#]} (40... Kh8 41. g3 (41. Nxh6 Qd5 $16) 41... Re8) 41. Re7+ $3 {[%emt 0:00:15][%mdl 576] Skewer, Double Attack. An entertaining game by Altman.   Weighted Error Value: White=0.37/Black=0.31} 1-0